 Dungeon Crawl Stone Soup version 0.28-a0-21-gf74fda84f9 (webtiles) character file.

Game seed: 13081108793175201101

610 pokeman the Magician (level 7, 0/39 (40) HPs)
             Began as a Deep Elf Hedge Wizard on July 27, 2021.
             Slain by a kobold brigand (5 damage)
             ... in a sewer.
             The game lasted 00:11:22 (4846 turns).

pokeman the Magician (Deep Elf Hedge Wizard)        Turns: 4846, Time: 00:11:22

HP:   0/39 (40)     AC:  4    Str:  7    XL:     7   Next: 20%
MP:   13/20         EV: 12    Int: 21    God:
Gold: 224           SH:  0    Dex: 14    Spells: 10/21 levels left

rFire   . . .      SeeInvis .   r - +3 trident
rCold   . . .      Faith    .   (no shield)
rNeg    + . .      Spirit   .   t - +0 leather armour
rPois   .          Reflect  .   c - +0 hat
rElec   .          Harm     .   (no cloak)
rCorr   .          Rampage  .   q - +0 pair of gloves
Will    .....                   (no boots)
Stlth   +.........              (no amulet)
HPRegen 0.13/turn               l - ring of positive energy
MPRegen 0.17/turn               (no ring)

@: slowed, lightly drained, very slow
A: no striking features
a: no special abilities


You were in a sewer.
You visited 1 branch of the dungeon, and saw 5 of its levels.
You also visited: Sewer.

You collected 224 gold pieces.

Inventory:

Hand Weapons
 r - a +3 trident (weapon)
Armour
 c - a +0 hat (worn)
 q - a +0 pair of gloves (worn)
 t - a +0 leather armour (worn)
Jewellery
 l - a ring of positive energy (left hand)
Wands
 o - a wand of acid (3)
Scrolls
 a - 6 scrolls of identify {unknown}
 b - a scroll of amnesia {unknown}
 g - a scroll of fog {unknown}
 k - 3 scrolls of silence {unknown}
 n - 3 scrolls of acquirement {unknown}
Potions
 d - a potion of berserk rage {unknown}
 e - a potion of ambrosia {unknown}
 f - a potion of cancellation {unknown}
 h - 3 potions of heal wounds {unknown}
 i - 2 potions of mutation {unknown}
 j - a potion of haste {unknown}
 m - 2 potions of curing
 p - a potion of brilliance {unknown}
 s - 2 potions of invisibility {unknown}


   Skills:
 - Level 2.0 Fighting
 - Level 2.0 Armour
 - Level 3.0 Dodging
 + Level 2.4 Stealth
 * Level 7.9 Spellcasting
 + Level 3.8 Conjurations
 - Level 1.1 Summonings
 - Level 1.1 Translocations
 - Level 1.0 Fire Magic
 - Level 1.0 Air Magic
 + Level 0.4 Poison Magic
 - Level 1.0 Evocations


You had 10 spell levels left.
You knew the following spells:

 Your Spells              Type           Power      Damage    Failure   Level
a - Magic Dart            Conj           96%        1d7       2%          1
b - Mephitic Cloud        Conj/Pois/Air  15%        N/A       17%         3
c - Call Imp              Summ           12%        N/A       11%         2
d - Blink                 Tloc           N/A        N/A       11%         2
e - Conjure Flame         Conj/Fire      18%        6-21      13%         3

Your spell library contained the following spells:

 Spells                   Type           Power      Damage    Failure   Level
 Apportation              Tloc           24%        N/A       8%          1
 Summon Small Mammal      Summ           48%        N/A       8%          1
 Animate Skeleton         Necr           16%        N/A       12%         1
 Corona                   Hex            8%         N/A       12%         1
 Passwall                 Tmut/Erth      6%         N/A       19%         2
 Slow                     Hex            8%         N/A       19%         2
 Swiftness                Air            12%        N/A       22%         3
 Invisibility             Hex            4%         N/A       100%        6


Dungeon Overview and Level Annotations

Branches:
Dungeon (5/15)              Sewer (1/1)
 Temple: D:4-7

Altars:
Dithmenos

Shops:
D:4 =


Message History

The kobold is engulfed in noxious fumes.
The kobold appears confused.
The kobold hits the kobold brigand with a +0 dagger.
The kobold brigand barely misses you.
Unknown command.
Unknown command.
The kobold completely misses the kobold.
The kobold brigand gestures wildly.
The kobold says, "I'm a little confused."
The kobold hits the kobold with a +0 dagger.
The kobold hits the kobold but does no damage.
Casting: Mephitic Cloud (quite dangerous; 17% risk of failure)
Confirm with . or Enter, or press ? or * to list all spells.
The spell is quite dangerous to cast (17% risk of failure)!
Continue anyway?
Aiming: Mephitic Cloud (quite dangerous; 17% risk of failure)
Press: ? - help, Shift-Dir - straight line, f - kobold, p - kobold
Aim: a kobold, wielding a +0 short sword and quivering poisoned darts (severely wounded, chance to affect: 96%)
The ball explodes into a vile cloud!
The stinking cloud engulfs the kobold but does no damage.
The kobold is severely wounded.
The stinking cloud engulfs the kobold but does no damage.
The stinking cloud engulfs the jackal but does no damage.
The stinking cloud engulfs the kobold but does no damage. x2
The kobold is severely wounded.
The jackal is engulfed in noxious fumes.
The jackal appears confused.
The jackal misses the kobold.
The kobold is engulfed in noxious fumes.
The kobold appears confused.
The kobold hits the kobold with a +0 whip.
The kobold is killed!
The jackal is engulfed in noxious fumes.
The jackal appears confused.
The jackal barely misses the kobold.
The kobold is engulfed in noxious fumes.
The kobold appears confused.
You kill the kobold!
You hear a splash. x2
The kobold is engulfed in noxious fumes.
The kobold appears confused.
The kobold brigand hits you with a +0 whip.
You die...

.. ####.#### #..≈≈.≈.#
#..≈≈☼hK# #≈≈≈≈☼○☼#
#≈≈≈≈○☼K# #≈≈≈≈≈≈.#
#.≈≈≈≈≈≈# #..≈≈≈@K#
#..≈≈≈≈≈###############
#..≈≈≈≈≈≈≈≈≈≈≈≈≈≈≈≈≈≈≈≈
#.≈≈≈≈.≈###############
##≈≈≈≈≈## #.≈≈≈.#
###.≈≈≈.# #∩..≈≈≈.#
###.≈≈≈.#


You could see a kobold brigand (confused), a jackal (confused) and 2 kobolds.

Vanquished Creatures
  Sigmund (D:2)
  A scorpion (D:5)
  2 hounds
  An orc priest (D:3)
  2 iguanas
  Terence (D:2)
  2 orc wizards
  2 river rats (Sewer)
  6 adders
  An ufetubus (D:4)
  2 worms
  13 orcs
  6 endoplasms
  4 giant cockroaches
  9 goblins
  5 hobgoblins
  8 jackals
  6 kobolds
  8 quokkas
  6 ball pythons
  5 bats
  7 frilled lizards
  6 rats
104 creatures vanquished.

Vanquished Creatures (collateral kills)
  An orc wizard (D:4)
  An orc (D:4)
  A jackal (D:4)
3 creatures vanquished.

Grand Total: 107 creatures vanquished

Notes
Turn   | Place    | Note
-------+----------+-------------------------------------------
     0 | D:1      | pokeman the Deep Elf Hedge Wizard began the quest for the
                  | Orb.
     0 | D:1      | Reached XP level 1. HP: 10/10 MP: 7/7
   363 | D:1      | Reached XP level 2. HP: 15/15 MP: 7/9
   854 | D:1      | Found a faded altar of an unknown god.
  1306 | D:2      | Reached skill level 5 in Spellcasting
  1350 | D:2      | Reached XP level 3. HP: 20/20 MP: 6/11
  1354 | D:2      | Learned a level 3 spell: Mephitic Cloud
  1357 | D:2      | Learned a level 2 spell: Call Imp
  1360 | D:2      | Learned a level 2 spell: Blink
  1364 | D:2      | Learned a level 3 spell: Conjure Flame
  1511 | D:2      | Noticed Sigmund
  1519 | D:2      | Killed Sigmund
  1520 | D:2      | Reached skill level 1 in Fighting
  1520 | D:2      | Reached skill level 1 in Armour
  1520 | D:2      | Reached skill level 6 in Spellcasting
  1520 | D:2      | Reached XP level 4. HP: 25/25 MP: 5/14
  1520 | D:2      | Reached XP level 5. HP: 29/29 MP: 5/15
  2125 | D:2      | Noticed Terence
  2138 | D:2      | Killed Terence
  2510 | D:3      | Reached XP level 6. HP: 35/35 MP: 12/17
  3060 | D:3      | Found a shadowy altar of Dithmenos.
  3167 | D:3      | Reached skill level 7 in Spellcasting
  3469 | D:4      | Found Gokly's Jewellery Shoppe.
  3791 | D:4      | Reached skill level 1 in Fire Magic
  4311 | D:5      | Entered Level 5 of the Dungeon
  4435 | D:5      | Reached XP level 7. HP: 26/40 MP: 11/20
  4452 | D:5      | Reached skill level 1 in Air Magic
  4519 | D:5      | Found a glowing drain.
  4529 | Sewer    | Entered a sewer
  4842 | Sewer    | Reached skill level 1 in Evocations
  4846 | Sewer    | Slain by a kobold brigand

Illustrated notes

Levels and vault maps discovered:
D:1:      lightli_arrival_chessboard, layout_basic, basic_ecumenical_altar
D:2:      layout_loops_ring, hex_medium, dk_vineyard_1, uniq_sigmund,
          uniq_terence
D:3:      layout_loops_cross, mainiacjoe_overflow_brackets
D:4:      layout_basic, serial_shops, shop
D:5:      layout_cave_pods, mainiacjoe_overflow_alcove_1, vehumet_statue,
          portal_sewer_entry_f, minmay_fractal_squares_diagonal_5
Sewer:    sewer_kobolds

Skill      XL: |  1  2  3  4  5  6  7 |
---------------+----------------------+-----
Spellcasting   | 5 6 7 |  7.9
Fighting       | 1 2 |  2.0
Armour         | 1 2 |  2.0
Conjurations   | 2 3 |  3.8
Fire Magic     | 1 |  1.0
Dodging        | 3 |  3.0
Air Magic      | 1 |  1.0
Evocations     | 1 |  1.0
Stealth        | |  2.4
Summonings     | |  1.1
Translocations | |  1.1
Poison Magic   | |  0.4

Action                   |  1- 3 |  4- 6 |  7- 9 || total
-------------------------+-------+-------+-------++-------
Melee: Dagger            |     7 |       |       ||     7
       Scythe            |       |     5 |       ||     5
       Trident           |       |    32 |    21 ||    53
 Cast: Magic Dart        |    58 |   143 |     6 ||   207
       Mephitic Cloud    |     1 |     8 |     7 ||    16
       Conjure Flame     |     1 |     1 |       ||     2
       Call Imp          |       |     4 |     2 ||     6
 Stab: Distracted        |       |     1 |       ||     1
       Sleeping          |       |     1 |       ||     1
Armor: Robe              |     3 |       |       ||     3
       Leather armour    |       |    12 |     9 ||    21
Dodge: Dodged            |    12 |    43 |    22 ||    77

Table legend: (Time is in decaauts)
 A = Elapsed time spent in this place.
 B = Non-inter-level travel time spent in this place.
 C = Inter-level travel time spent in this place.
 D = Time resting spent in this place.
 E = Time spent auto-exploring this place.
 F = Levels seen in this place.
 G = Mean time per level.
                   A        B        C        D        E       F      G
               +--------+--------+--------+--------+--------+-----+--------+
         Total |   4895 |   4701 |    194 |    458 |   3602 |   6 |  815.8 |
       Dungeon |   4551 |   4357 |    194 |    224 |   3537 |   5 |  910.2 |
         Sewer |    344 |    344 |      0 |    234 |     65 |   1 |  344.0 |
               +--------+--------+--------+--------+--------+-----+--------+

Top non-repeatable levels by time:
     D:1: 1274 daAuts
     D:2: 1117 daAuts
     D:3: 1050 daAuts
     D:4: 1012 daAuts
   Sewer: 344 daAuts
     D:5: 96 daAuts
